 Dungeon Crawl Stone Soup version 0.20-a0-910-gb611367 (webtiles) character file.

6 Rrauwl the Skirmisher (level 2, 24/24 HPs)
             Began as a Formicid Abyssal Knight on Mar 24, 2017.
             Was a Follower of Lugonu.
             Got out of the dungeon alive.
             The game lasted 00:02:45 (532 turns).

Rrauwl the Skirmisher (Formicid Abyssal Knight)      Turns: 532, Time: 00:02:46

Health: 24/24      AC:  3    Str: 20    XL:     2   Next: 0%
Magic:  3/3        EV: 11    Int: 14    God:    Lugonu [*.....]
Gold:   31         SH:  0    Dex: 10    Spells: 1/1 levels left

rFire    . . .     SeeInvis +   f - +1 long sword of Sudden Death {flame, Int+3}
rCold    . . .     Gourm    .   b - +0 leather armour
rNeg     + . .     Faith    .   (no shield)
rPois    .         Spirit   .   (helmet unavailable)
rElec    .         Reflect  .   (no cloak)
rCorr    .         Harm     .   (no gloves)
MR       .....                  (no boots)
Stlth    +.........             (no amulet)
Regen    0.1/turn               (no ring)
MPRegen  0.1/turn               e - ring "Gifopp" {rN+ Str+4}

@: no status effects
A: permanent stasis, dig shafts and tunnels, four strong arms, antennae 3
a: Dig, Shaft Self, Depart the Abyss, Renounce Religion


You escaped.
You worshipped Lugonu.
Lugonu was aware of your devotion.
You were not hungry.

You visited 1 branch of the dungeon, and saw 1 of its levels.
You visited the Abyss 1 time.

You collected 31 gold pieces.

Inventory:

Hand Weapons
 a - a +1 spear
 f - the +1 long sword of Sudden Death (weapon) {flame, Int+3}
   (You found it on level 3 of the Abyss)

   It has been specially enchanted to burn those struck by it, causing extra
   injury to most foes and up to half again as much damage against particularly
   susceptible opponents.
   Big, fiery blades are also staple armaments of hydra-hunters.
   It affects your intelligence (+3).
Armour
 b - a +0 leather armour (worn)
Jewellery
 e - the ring "Gifopp" (left hand) {rN+ Str+4}
   (You found it on level 3 of the Abyss)

   [ring of positive energy]

   It affects your strength (+4).
   It protects you from negative energy.
Potions
 d - a potion of heal wounds {unknown}
 h - 2 potions of curing {unknown}
Comestibles
 c - 2 bread rations
 g - 2 chunks of flesh


   Skills:
 + Level 3.4 Fighting
 + Level 2.1 Polearms
 + Level 2.2 Armour
 + Level 1.1 Dodging
 - Level 2.1 Invocations


You had one spell level left.
You didn't know any spells.

Dungeon Overview and Level Annotations

Branches:
Dungeon (1/15)

Altars:


Innate Abilities, Weirdness & Mutations

You cannot be hasted, slowed, berserked, paralysed or teleported.
You can dig through walls and to a lower floor.
Your four strong arms can wield two-handed weapons with a shield.
You have a pair of large antennae on your head. (SInv)


Message History

A rat comes into view.
The goblin closely misses you.
You riposte.
You miss the goblin.
Found 22 stones.
You hit the goblin. You burn the goblin.
You kill the goblin!
Lugonu accepts your kill. The rat closely misses you.
Things that are here:
a club; a goblin corpse You hit the rat.
You burn the rat.
You kill the rat!
Lugonu accepts your kill.
You have reached level 2!
(D) Dungeon
Where to? (? - help)
What level of the Dungeon? (default 1, ? - help)
You see here a club.
There is a staircase leading out of the dungeon here.
Are you sure you want to leave the Dungeon?
This will make you lose the game!
You have escaped!

..........#.#
.######...#.# #######
#.#.#.####
#.....#####.#.......
#..⌠.....##.#.#.###.
# ##(........#.#.#.#
#.
#..#...(..#.....#.[.#
#.
#.......).###...##..#
#. ...#..@..#
##.....># #.
#........# #..######
#. #.#......#....# ##
# ##.........##
#..⌠.....# #.....####
#######


There were no monsters in sight!

Vanquished Creatures
  2 hobgoblins (D:1)
  2 bats (D:1)
  A goblin (D:1)
  A rat (D:1)
6 creatures vanquished.

Notes
Turn   | Place    | Note
-------+----------+-------------------------------------------
     0 | Abyss:1  | Rrauwl the Formicid Abyssal Knight began the quest for the Orb.
     0 | Abyss:1  | Reached XP level 1. HP: 18/18 MP: 2/2
   126 | Abyss:2  | Noticed a wretched star
   128 | Abyss:3  | Noticed a long sword of holy wrath
   131 | Abyss:3  | Got a pitted brass ring
   139 | Abyss:3  | Got a bloodstained long sword
   140 | D:1      | Escaped the Abyss
   141 | D:1      | Identified the ring "Gifopp" {rN+ Str+4} (You found it on level 3 of the Abyss)
   142 | D:1      | Identified the +1 long sword of Sudden Death {flame, Int+3} (You found it on level 3 of the Abyss)
   146 | D:1      | Reached * piety under Lugonu
   326 | D:1      | Reached skill level 1 in Dodging
   495 | D:1      | Reached XP level 2. HP: 24/24 MP: 3/3
   532 | D:$      | Got out of the dungeon alive.

Vault maps used:
D:1:      dpeg_arrival_arbitrary_c
Abyss:1:  small_statue_intersection
Abyss:3:  evilmike_abyss_rune_tso_outpost

Skill      XL: |  1 |
---------------+----+-----
Dodging        | 1 |  1.1
Fighting       | |  3.4
Polearms       | |  2.1
Armour         | |  2.2
Invocations    | |  2.1

Action                   || total
-------------------------++-------
Melee: Long sword        ||     9
Invok: Depart the Abyss  ||     1
  Use: Scroll            ||     2
Armor: Leather armour    ||     4
Dodge: Dodged            ||     5
       Rpst.: Long sword ||     3
